 Dungeon Crawl Stone Soup version 0.22-a0-388-g09e6169 (webtiles) character file.

61 Alphaeus the Ruffian (level 3, 0/36 HPs)
             Began as a Troll Monk on Apr 29, 2018.
             Slain by Natasha (4 damage)
             ... on level 2 of the Dungeon.
             The game lasted 00:00:42 (782 turns).

Alphaeus the Ruffian (Troll Monk)                    Turns: 782, Time: 00:00:42

Health: 0/36       AC:  5    Str: 19    XL:     3   Next: 83%
Magic:  2/2        EV: 10    Int:  7    God:
Gold:   72         SH:  0    Dex: 12    Spells: 2/2 levels left

rFire    . . .     SeeInvis .     - Unarmed
rCold    . . .     Gourm    +   (no shield)
rNeg     . . .     Faith    .   a - +0 robe
rPois    .         Spirit   .   (helmet restricted)
rElec    .         Reflect  .   (no cloak)
rCorr    .         Harm     .   (gloves unavailable)
MR       .....                  (boots unavailable)
Stlth    ++........             (no amulet)
HPRegen  0.52/turn              (no ring)
MPRegen  0.08/turn              (no ring)

@: no status effects
A: large, unfitting armour, claws 3, fast metabolism 3, gourmand, regeneration
1, shaggy fur 1, tough skin 2
a: no special abilities


You were on level 2 of the Dungeon.
You were completely stuffed.

You visited 1 branch of the dungeon, and saw 2 of its levels.

You collected 72 gold pieces.

Inventory:

Armour
 a - a +0 robe (worn)
Scrolls
 c - a scroll of enchant weapon {unknown}
 e - 2 scrolls of identify {unknown}
 f - 2 scrolls of remove curse {unknown}
Potions
 d - a potion of curing {unknown}
 g - 2 potions of mutation {unknown}
Comestibles
 b - 2 rations
 h - a chunk of flesh


   Skills:
 + Level 2.8 Fighting
 + Level 1.0 Armour
 + Level 2.7 Dodging
 - Level 1.0 Stealth
 * Level 3.8 Unarmed Combat


You had 2 spell levels left.
You didn't know any spells.

Dungeon Overview and Level Annotations

Branches:
Dungeon (2/15)

Altars:

Annotations:
D:2 Natasha


Innate Abilities, Weirdness & Mutations

You are too large for most types of armour.
You have claws for hands.
Your metabolism is lightning-fast.
You like to eat raw meat.
Your natural rate of healing is unusually fast.
You are covered in fur. (AC +1)
You have very tough skin. (AC +2)


Message History

You are too injured to fight recklessly!
You are too injured to fight recklessly!
You are too injured to fight recklessly!
You are too injured to fight recklessly!
You miss Natasha.
The adder bites you but does no damage. x2
Natasha closely misses you.
You scratch Natasha but do no damage. The crimson imp barely misses you.
The adder bites you but does no damage.
You barely miss Natasha. Natasha claws you.
The crimson imp blinks!
The adder barely misses you. The white imp gestures at you.
The puff of frost hits you!
* * * LOW HITPOINT WARNING * * *
You claw Natasha!
Natasha is severely wounded.
Natasha closely misses you. The adder bites you but does no damage.
You completely miss Natasha.
Natasha is severely wounded.
The adder bites you but does no damage. Natasha claws you.
You die...

.... ... #....
..# #...# ...#
#.... ...#
#...##...#
#####........#
......).#S..#
#.)..@5..#
###..#h###
#.##.# ##.##.#
+....5#####
##.<.......
#..#######
#..# #..#


You could see Natasha, a crimson imp, an adder and a white imp.

Vanquished Creatures
  Terence (D:2)
  A dart slug (D:1)
  A leopard gecko (D:1)
  A ball python (D:1)
  4 bats (D:1)
  2 giant cockroaches (D:1)
  3 goblins (D:1)
  6 jackals (D:1)
  4 kobolds (D:1)
  2 frilled lizards (D:1)
  8 rats (D:1)
33 creatures vanquished.

Notes
Turn   | Place    | Note
-------+----------+-------------------------------------------
     0 | D:1      | Alphaeus the Troll Monk began the quest for the Orb.
     0 | D:1      | Reached XP level 1. HP: 22/22 MP: 0/0
    97 | D:1      | Reached XP level 2. HP: 29/29 MP: 1/1
   478 | D:1      | Reached XP level 3. HP: 36/36 MP: 2/2
   768 | D:2      | Noticed Natasha
   768 | D:2      | Noticed Terence
   775 | D:2      | Killed Terence
   775 | D:2      | Reached skill level 1 in Armour
   782 | D:2      | Slain by Natasha

Vault maps used:
D:1:      evilmike_arrival_crescent
D:2:      doesnt_xom_only_xom, uniq_natasha, uniq_sigmund, uniq_terence

Skill      XL: |  1  2  3 |
---------------+----------+-----
Armour         | 1 |  1.0
Fighting       | |  2.8
Dodging        | |  2.7
Stealth        | |  1.0
Unarmed Combat | |  3.8

Action                   || total
-------------------------++-------
Melee: Unarmed           ||    87
       Punch             ||     2
 Stab: Sleeping          ||     1
  Eat: Chunk             ||    13
Armor: Robe              ||    50
Dodge: Dodged            ||    51

Table legend:
 A = Spawn XP
 B = Non-spawn XP
 C = Spawn XP percentage of total XP
 D = Spawn monster count
 E = Non-spawn monster count
 F = Spawn count percentage of total count
 G = Total turns spent on level
                    A         B        C        D         E        F      G
               +---------+---------+-------+---------+---------+-------+---------
         Total |       0 |      88 |   0.0 |       0 |      33 |   0.0 |   782
               +---------+---------+-------+---------+---------+-------+---------
           D:1 |       0 |      52 |   0.0 |       0 |      32 |   0.0 |   765
           D:2 |       0 |      36 |   0.0 |       0 |       1 |   0.0 |    17
               +---------+---------+-------+---------+---------+-------+---------
